 Dungeon Crawl Stone Soup version 0.31-a0-981-geadf994542 (webtiles) character file.

Game seed: 14146142235395900897

125 dialectric the Sneak (level 5, -4/35 HPs)
             Began as an Octopode Brigand on Nov 1, 2023.
             Killed from afar by a white imp (8 damage)
             ... with a puff of frost
             ... on level 3 of the Dungeon.
             The game lasted 00:02:04 (1503 turns).

dialectric the Sneak (Octopode Brigand)             Turns: 1503, Time: 00:02:05

Health: -4/35      AC:  1    Str: 13    XL:     5   Next: 9%
Magic:  5/5        EV: 13    Int: 13    God:
Gold:   157        SH:  0    Dex: 13    Spells: 4/4 levels left

rFire   . . .        i - +2 dagger (venom)
rCold   . . .        (no shield)
rNeg    . . .        (helmet restricted)
rPois   .            q - amulet of magic regeneration
rElec   .            r - ring of resist corrosion
rCorr   +            (no ring)
SInv    .            (no ring)
Will    .....        (no ring)
Stlth   ++++         (no ring)
HPRegen 0.25/turn    (no ring)
MPRegen 0.49/turn    (no ring)
                     (no ring)

%: no passive effects
@: no status effects
A: almost no armour, amphibious, 8 rings, camouflage 1, gelatinous body 1,
(nimble swimmer 1), tentacles
a: no special abilities


You were on level 3 of the Dungeon.
You visited 1 branch of the dungeon, and saw 3 of its levels.

You collected 157 gold pieces.

Inventory:

Hand Weapons
 a - a +2 dagger
 i - a +2 dagger of venom (weapon)
Missiles
 b - 9 poisoned darts (quivered)
 c - 3 curare-tipped darts
Jewellery
 q - an amulet of magic regeneration (around mantle)
 r - a ring of resist corrosion (left tentacle)
Wands
 s - a wand of charming (12)
Scrolls
 d - a scroll of enchant armour {unknown}
 e - a scroll of vulnerability {unknown}
 f - a scroll of blinking {unknown}
 g - 2 scrolls of identify {unknown}
 k - 2 scrolls of poison {unknown}
 o - 2 scrolls of noise {unknown}
 t - a scroll of amnesia {unknown}
Potions
 h - 3 potions of curing {unknown}
 j - 3 potions of enlightenment {unknown}
 l - a potion of attraction {unknown}
 m - a potion of heal wounds {unknown}
 n - a potion of haste {unknown}
 p - a potion of brilliance {unknown}


   Skills:
 + Level 2.3 Fighting
 + Level 2.8 Short Blades
 + Level 2.3 Throwing
 + Level 1.5 Dodging
 * Level 7.4 Stealth


You had 4 spell levels left.
You didn't know any spells.
Your spell library contained the following spells:

 Spells                   Type           Power      Damage    Failure   Level
 Simulacrum               Ice/Necr       0%         N/A       100%        6
 Ozocubu's Refrigeration  Ice            0%         4d7       100%        7
 Polar Vortex             Ice            0%         N/A       100%        9


Dungeon Overview and Level Annotations

Branches:
Dungeon (3/15)

Altars:
Makhleb


Innate Abilities, Weirdness & Mutations

You cannot wear most types of armour.
You are amphibious.
You can wear up to eight rings at the same time.
Your skin changes colour to match your surroundings (Stealth+).
Your rubbery body absorbs attacks. (AC +1, EV +1)
((You are camouflaged when in or above water. (Stealth+)))
You have tentacles for arms and can constrict up to eight enemies at once.


Message History

The adder is almost dead.
You constrict the adder.
You kill the adder!
The white imp gestures at you. The puff of frost hits you.
A goblin comes into view. It is wielding a +0 club.
A bat comes into view.
You see here an adder corpse.
You hit the white imp. Your grab misses the white imp.
The white imp is moderately wounded.
The white imp hits you. The white imp freezes you.
You hit the white imp. Your grab misses the white imp.
Your squeeze misses the white imp.
The white imp is heavily wounded.
The white imp closely misses you.
You barely miss the white imp. Your grab misses the white imp.
Your squeeze misses the white imp.
The white imp is heavily wounded.
The bat barely misses you.
You hit the white imp but do no damage. Your grab misses the white imp.
The white imp is heavily wounded.
The bat barely misses you. The white imp hits you. The white imp freezes you.
You are too injured to fight recklessly!
You are too injured to fight recklessly!
You are too injured to fight recklessly!
You are too injured to fight recklessly!
You are too injured to fight recklessly!
You are too injured to fight recklessly!
You are too injured to fight recklessly!
You closely miss the bat. You grab the bat. Your squeeze misses the bat.
You constrict the bat. The bat closely misses you.
The bat struggles to escape constriction.
The white imp gestures at you. The puff of frost hits you!
* * * LOW HITPOINT WARNING * * *
The bat escapes!
The bat barely misses you. The white imp gestures at you.
The puff of frost hits you!
You die...

#...## ###..###.#
#.......# #.#...###
#.###.### #.# ...#
#.#####.## ####
#........### .....
#######...@##......
#.......##b†5......
#.......#.....$....
#.........##.#g...#
#.......## .# .###
#.......# .# ..
#.......# ## ..
#.......# # ...


You could see a white imp, a goblin and a bat.

Vanquished Creatures
  A hound (D:3)
  3 adders
  2 worms (D:2)
  2 orcs
  4 endoplasms
  A giant cockroach (D:1)
  5 goblins
  7 hobgoblins
  5 jackals
  8 kobolds
  2 quokkas (D:1)
  5 ball pythons
  4 bats
  3 frilled lizards
  5 rats
57 creatures vanquished.

Notes
Turn   | Place    | Note
-------+----------+-------------------------------------------
     0 | D:1      | dialectric the Octopode Brigand began the quest for the
                  | Orb.
     0 | D:1      | Reached XP level 1. HP: 14/14 MP: 1/1
    86 | D:1      | Reached XP level 2. HP: 15/19 MP: 2/2
   417 | D:1      | Reached skill level 6 in Stealth
   420 | D:1      | Reached XP level 3. HP: 17/24 MP: 3/3
   695 | D:2      | Found a burning altar of Makhleb.
   941 | D:2      | Found a faded altar of an unknown god.
   945 | D:2      | Reached XP level 4. HP: 29/29 MP: 4/4
  1259 | D:3      | Reached skill level 7 in Stealth
  1360 | D:2      | Reached XP level 5. HP: 12/35 MP: 5/5
  1503 | D:3      | Killed from afar by a white imp

Illustrated notes

Levels and vault maps discovered:
D:1:      lightli_arrival_flooded_house, layout_rooms,
          hangedman_abyss_or_decor_stabs
D:2:      layout_rooms, shapermc_ecumenical_altar_mp_highgroup, basic_altar,
          amcnicky_mini_pool_small, solitary_fountain,
          chequers_serial_rivers_marsh
D:3:      layout_basic

Skill      XL: |  1  2  3  4 |
---------------+-------------+-----
Stealth        | 6 7 |  7.4
Fighting       | |  2.3
Short Blades   | |  2.8
Throwing       | |  2.3
Dodging        | |  1.5

Action                     |  1- 3 |  4- 6 || total
---------------------------+-------+-------++-------
  Melee: Dagger            |    73 |    37 ||   110
         Constrict         |    15 |     7 ||    22
         Tentacles         |     9 |     5 ||    14
   Stab: Sleeping          |    11 |     5 ||    16
         Distracted        |     1 |       ||     1
 Armour: Skin              |    31 |    19 ||    50
  Dodge: Dodged            |    42 |    19 ||    61

Table legend: (Time is in decaauts)
 A = Elapsed time spent in this place.
 B = Non-inter-level travel time spent in this place.
 C = Inter-level travel time spent in this place.
 D = Time resting spent in this place.
 E = Time spent auto-exploring this place.
 F = Levels seen in this place.
 G = Mean time per level.
                   A        B        C        D        E       F      G
               +--------+--------+--------+--------+--------+-----+--------+
         Total |   1489 |   1434 |     55 |     64 |   1009 |   3 |  496.3 |
       Dungeon |   1489 |   1434 |     55 |     64 |   1009 |   3 |  496.3 |
               +--------+--------+--------+--------+--------+-----+--------+

Top non-repeatable levels by time:
     D:1: 682 daAuts
     D:2: 644 daAuts
     D:3: 162 daAuts
